 Dungeon Crawl Stone Soup version 0.27.1-3-gb3d3a73c9e (webtiles) character file.

Game seed: 1302884416362602023

174 horus123 the Archer (level 5, -6/30 HPs)
             Began as a Deep Elf Hunter on Oct 30, 2021.
             Mangled by Sigmund (9 damage)
             ... on level 3 of the Dungeon.
             The game lasted 00:05:44 (2530 turns).

horus123 the Archer (Deep Elf Hunter)               Turns: 2530, Time: 00:05:45

Health: -6/30      AC:  2    Str:  9    XL:     5   Next: 28%
Magic:  7/8        EV: 13    Int: 17    God:
Gold:   104        SH:  0    Dex: 15    Spells: 2/6 levels left

rFire    . . .     SeeInvis .   a - +3 shortbow
rCold    . . .     Faith    .   (shield currently unavailable)
rNeg     . . .     Spirit   .   i - +0 robe
rPois    .         Reflect  .   (no helmet)
rElec    .         Harm     .   (no cloak)
rCorr    .         Rampage  .   (no gloves)
Will     .....                  (no boots)
Stlth    ++........             (no amulet)
HPRegen  0.10/turn              (no ring)
MPRegen  0.11/turn              (no ring)

@: hasted, very quick
A: no striking features
a: no special abilities


You were on level 3 of the Dungeon.
You visited 1 branch of the dungeon, and saw 3 of its levels.

You collected 104 gold pieces.

Inventory:

Hand Weapons
 a - a +3 shortbow (weapon)
 b - a +0 short sword
Missiles
 d - 17 arrows (quivered ammo)
Armour
 i - a +0 robe (worn)
Potions
 g - a potion of lignification
 h - a potion of brilliance {unknown}
 j - a potion of might {unknown}


   Skills:
 + Level 1.7 Fighting
 * Level 8.0 Bows
 - Level 1.1 Armour
 + Level 2.8 Dodging
 + Level 1.3 Stealth
 * Level 1.1 Spellcasting


You had 2 spell levels left.
You knew the following spells:

 Your Spells              Type           Power      Damage    Failure   Level
a - Dazzling Flash        Conj/Hex       0%         N/A       54%         3
b - Magic Dart            Conj           0%         1d3       22%         1

Your spell library contained the following spells:

 Spells                   Type           Power      Damage    Failure   Level
 Call Imp                 Summ           0%         N/A       32%         2
 Mephitic Cloud           Conj/Pois/Air  0%         N/A       54%         3
 Agony                    Necr           0%         N/A       99%         5
 Silence                  Hex/Air        0%         N/A       99%         5


Dungeon Overview and Level Annotations

Branches:
Dungeon (3/15)

Altars:

Annotations:
D:3 3 runed translucent doors, Sigmund; klutch's ghost, amateur MiFi


Message History

You shoot an arrow. The arrow hits the bat!
You kill the bat!
d - 21 arrows (gained 1)
d - 22 arrows (gained 1)
d - 23 arrows (gained 1)
You see here a +0 hand axe.
Found 10 gold pieces.
Found a stone staircase leading up.
Sigmund the Dreaded comes into view.
He is wielding a +0 scythe.
You see here 10 gold pieces.
You now have 104 gold pieces (gained 10).
As you read the scroll labelled HALA BUSTE, it crumbles to dust.
You speak a Word of immense power!
It was a scroll of holy word.
The magic dart hits Sigmund.
Sigmund is lightly wounded.
Sigmund shouts!
Aiming: Magic Dart (safe; 22% risk of failure)
Press: ? - help, Q - select action, (/) - cycle Shift-Dir - straight line, f/p - Sigmund
Aim: Sigmund, wielding a +0 scythe and wearing a +0 robe (lightly wounded, 100% to hit)
Okay, then.
You shoot an arrow. The arrow closely misses Sigmund.
Sigmund hits you from afar with a +0 scythe!
You shoot an arrow.
The arrow hits Sigmund but does no damage.
Sigmund is lightly wounded.
Sigmund misses you.
You shoot an arrow. The arrow hits Sigmund.
Sigmund is lightly wounded.
You shoot an arrow. The arrow hits Sigmund.
Sigmund is moderately wounded.
Sigmund hits you from afar with a +0 scythe!
You shoot an arrow. The arrow barely misses Sigmund.
You shoot an arrow. The arrow hits Sigmund.
Sigmund is moderately wounded.
Sigmund hits you from afar with a +0 scythe!
* * * LOW HITPOINT WARNING * * *
You are too injured to fight recklessly!
You are too injured to fight recklessly!
It was a potion of haste.
You feel yourself speed up.
Sigmund hits you from afar with a +0 scythe!
You die...

# ##.....#
#...###.....# #
#..##...#####....####
# #..# ##.......##.#
#.# ##.#..####.# ...
##.# #.# #.# #.# #.#
# #.# #.# #.# #.# #@#
#.# .....@.<.....#
#.##(######### #


You could see Sigmund.

Vanquished Creatures
  A bullfrog zombie (D:3)
  An orc priest (D:3)
  Terence (D:2)
  4 adders
  A worm (D:2)
  A dart slug (D:1)
  4 orcs (D:3)
  5 ball pythons
  4 bats
  3 endoplasms (D:2)
  A giant cockroach (D:2)
  5 goblins
  4 hobgoblins
  A quokka (D:1)
  5 frilled lizards
  3 kobolds (D:2)
  4 rats (D:1)
  A spectral kobold (D:1)
49 creatures vanquished.

Notes
Turn   | Place    | Note
-------+----------+-------------------------------------------
     0 | D:1      | horus123 the Deep Elf Hunter began the quest for the Orb.
     0 | D:1      | Reached XP level 1. HP: 12/12 MP: 3/3
    39 | D:1      | Found a faded altar of an unknown god.
   214 | D:1      | Reached XP level 2. HP: 16/16 MP: 4/4
   376 | D:1      | Reached skill level 6 in Bows
   996 | D:2      | Reached XP level 3. HP: 20/20 MP: 5/5
  1116 | D:2      | Learned a level 3 spell: Dazzling Flash
  1558 | D:2      | Reached skill level 1 in Spellcasting
  1704 | D:2      | Noticed Terence
  1713 | D:2      | HP: 1/21 [Terence (4)]
  1722 | D:2      | Killed Terence
  1723 | D:2      | Reached skill level 7 in Bows
  1723 | D:2      | Reached XP level 4. HP: 12/26 MP: 7/7
  2393 | D:3      | Reached XP level 5. HP: 30/30 MP: 8/8
  2394 | D:3      | Reached skill level 8 in Bows
  2409 | D:3      | Noticed klutch's ghost (amateur MiFi)
  2434 | D:3      | Reached skill level 1 in Armour
  2479 | D:3      | Found a runed translucent gate.
  2479 | D:3      | Found a runed translucent gate.
  2479 | D:3      | Found a runed translucent gate.
  2497 | D:3      | Learned a level 1 spell: Magic Dart
  2520 | D:3      | Noticed Sigmund
  2530 | D:3      | Mangled by Sigmund

Illustrated notes

Levels and vault maps discovered:
D:1:      wander_arrival_peaceful_grave, layout_basic,
          dreamdust_ecumenical_altar_drowned_temple, minmay_stone_trees_small,
          hangedman_feature_mirror, nrook_mini_vaults, st_stairs_4
D:2:      layout_loops_ring, serial_forest, infiniplex_forest_fountain,
          infiniplex_forest_fountain, infiniplex_forest_clump_cross,
          infiniplex_forest_clump_small, infiniplex_forest_pool,
          minmay_misc_feat_doors, kennysheep_nondescript,
          chequers_hall_statues_wall_a, nrook_loot_triangle, uniq_terence
D:3:      layout_loops_ring, gammafunk_ghost_icy, serial_rivers,
          chequers_serial_rivers_micro_d, chequers_serial_rivers_micro_c,
          chequers_serial_rivers_room_b, chequers_serial_rivers_small_3,
          chequers_serial_rivers_marsh, chequers_serial_rivers_micro_b,
          kennysheep_generic_room_4, uniq_sigmund

Skill      XL: |  1  2  3  4  5 |
---------------+----------------+-----
Bows           | 6 7 8 |  8.0
Spellcasting   | 1 |  1.1
Armour         | 1 |  1.1
Fighting       | |  1.7
Dodging        | |  2.8
Stealth        | |  1.3

Action                   |  1- 3 |  4- 6 || total
-------------------------+-------+-------++-------
 Fire: Shortbow          |   103 |    44 ||   147
 Cast: Magic Dart        |       |     1 ||     1
  Use: Scroll            |     5 |     2 ||     7
       Potion            |     2 |     1 ||     3
Armor: Leather armour    |     8 |       ||     8
       Robe              |       |     1 ||     1
Dodge: Dodged            |    19 |     6 ||    25
